AoeStats
← _LV_猜单车Yo

Four Lakes

510228309Analyzed
1v1 RM · 2d ago on Sep 30, 2026· 59m 17s· 2 players
Game mode
Random Map
Map size
Tiny (2 player)
Population
200
Speed
Normal
Resources
Standard
Victory
Conquest
Starting age
Dark Age
Ending age
Imperial Age
RankedLock teamsTeams togetherTeam positionsShared explorationLock speedFull tech treeHidden civsTurbo modeCheats
Victory
Defeat
🇨🇳 Franks · China
926
+18
🇧🇷 Ethiopians · Brazil
965
-18
caramelo1
2:54 Loom
3:03 Loom
11:11 Feudal Age
13:08 Double-Bit Axe
23:02 Castle Age
22:32 Gold Mining
23:54 Stone Mining
29:27 Forging
31:19 Iron Casting
30:47 Squires
35:28 Scale Mail Armor
49:00 Imperial Age
46:36 Scale Mail Armor
48:23 Gold Shaft Mining
49:33 Bow Saw
50:15 Royal Heirs
50:30 Horse Collar
52:30 Wheelbarrow
53:18 Blast Furnace
53:16 Chain Mail Armor
54:21 Chain Mail Armor
55:41 Plate Mail Armor
55:29 Elite Shotel Warrior
58:55 Plate Mail Armor
_LV_猜单车Yo
10:34 Feudal Age
10:24 Loom
11:10 Double-Bit Axe
20:16 Fletching
21:46 Padded Archer Armor
23:06 Wheelbarrow
26:53 Castle Age
26:25 Scale Barding Armor
27:54 Forging
28:55 Gold Mining
30:31 Husbandry
32:50 Chain Barding Armor
33:59 Crossbowman
34:47 Squires
37:55 Pikeman
41:40 Imperial Age
41:24 Bodkin Arrow
43:59 Bow Saw
44:38 Cavalier
45:57 Iron Casting
49:14 Gold Shaft Mining
49:53 Paladin
51:55 Plate Barding Armor
51:40 Fishing Lines
53:07 Blast Furnace
52:57 Hand Cart
53:51 Town Watch
54:37 Masonry
55:27 Conscription
55:22 Gillnets
58:28 Chemistry
Connection lost

Rejoining the realm…

Still unreachable

The connection could not be restored.

Session expired

The server has moved on; the page needs a fresh start.